Map: Ulrena

Players

Makhno - Winner!

  • Race: Protoss Protoss
  • League: Gold

TommyDogan

  • Race: Zerg Zerg

VOD

Have the link to the VOD?

Description

Time

  • Played on: May 7, 2016, 9:19 p.m.
  • Length: 7:55
Show
View Real Time Build Order
Export as new Build Order

Makhno Protoss - Winner!

Build Orders: Nexus First 

Get SALT Encoding   

  12  0:01  Probe (Chrono Boost)  
  13  0:12  Probe (Chrono Boost)  
  14  0:24  Pylon  
  14  0:29  Probe (Chrono Boost)  
  15  0:42  Probe (Chrono Boost)  
  16  0:53  Probe (Chrono Boost)  
  17  1:04  Nexus  
  17  1:15  Probe (Chrono Boost)  
  17  1:18  Gateway  
  18  1:32  Gateway  
  18  1:36  Pylon  
  18  1:48  Probe (Chrono Boost)  
  18  1:51  Assimilator  
  19  2:01  Forge  
  19  2:07  Cybernetics Core  
  19  2:11  Pylon  
  19  2:15  Probe (Chrono Boost)  
  20  2:23  Probe (Chrono Boost)  
  20  2:24  Pylon  
  20  2:28  Probe (Chrono Boost)  
  22  2:35  Zealot  
  24  2:41  Probe (Chrono Boost)  
  25  2:48  Stalker  
  27  2:51  Probe (Chrono Boost)  
  27  2:57  Assimilator  
  28  2:59  Warp Gate  
  28  3:13  Adept  
  30  3:29  Adept  
  32  3:35  Probe x2 (Chrono Boost)  
  34  3:44  Probe (Chrono Boost)  
  34  3:45  Probe (Chrono Boost)  
  36  3:52  Zealot (Chrono Boost)  
  36  3:54  Probe  
  38  3:57  Probe  
  40  4:07  Protoss Ground Weapons Level 1 (Chrono Boost)  
  40  4:09  Photon Cannon x2  
  38  4:13  Sentry (Chrono Boost)  
  38  4:14  Photon Cannon  
  42  4:28  Zealot (Chrono Boost)  
  38  4:41  Probe  
  38  4:43  Probe  
  40  4:49  Pylon  
  40  4:50  Pylon  
  40  4:59  Stargate  
  40  5:01  Gateway  
  40  5:03  Gateway, Stalker  
  40  5:04  Zealot  
  40  5:06  Pylon  
  40  5:15  Probe  
  40  5:17  Probe  
  40  5:19  Assimilator  
  40  5:21  Assimilator  
  42  5:26  Zealot, Probe  
  42  5:27  Stalker  
  47  5:30  Mothership Core  
  49  5:37  Probe  
  50  5:43  Pylon  
  50  5:44  Void Ray (Chrono Boost)  
  50  5:49  Probe  
  55  5:51  Probe  
  55  5:56  Zealot  
  58  6:01  Probe  
  58  6:03  Probe  
  60  6:13  Probe  
  60  6:15  Probe  
  62  6:20  Pylon  
  62  6:22  Pylon  
  62  6:27  Void Ray (Chrono Boost)  
  62  6:30  Zealot, Stalker  
  62  6:31  Zealot  
  72  6:32  Sentry  
  74  6:56  Nexus  
  74  6:59  Pylon  
  74  7:05  Stalker x2  
  74  7:07  Stalker x2  
  82  7:25  Assimilator  
  82  7:27  Assimilator, Stalker  
  82  7:29  Stalker  
  86  7:31  Photon Cannon, Stalker x2  
Show
View Real Time Build Order
Export as new Build Order

TommyDogan Zerg 

Build Orders: Hatch First 

Get SALT Encoding   

  12  0:01  Drone  
  13  0:13  Overlord  
  13  0:17  Drone  
  14  0:33  Drone x2  
  16  0:36  Drone  
  17  0:56  Hatchery  
  16  0:59  Drone  
  16  1:01  Drone  
  18  1:06  Extractor  
  17  1:17  Spawning Pool  
  16  1:23  Drone x2  
  18  1:37  Drone  
  19  1:44  Overlord  
  19  1:52  Drone  
  20  2:05  Queen  
  20  2:08  Queen  
  24  2:15  Zergling x2  
  24  2:16  Zergling x2  
  24  2:19  Metabolic Boost  
  26  2:24  Drone x2  
  28  2:33  Drone  
  28  2:34  Drone  
  30  2:40  Roach Warren  
  30  2:41  Overlord  
  29  2:52  Overlord  
  29  2:53  Overlord  
  29  3:29  Roach  
  29  3:30  Roach x5  
  43  3:34  Roach x2  
  45  3:43  Roach  
  45  4:11  Zergling x20  
  45  4:12  Zergling x2  
  54  4:50  Roach  
  54  4:51  Roach x2  
  59  4:55  Overlord x2  
  54  5:16  Lair  
  54  5:20  Drone x6  
  60  5:31  Overlord  
  60  5:32  Drone  
  61  5:42  Extractor  
  60  5:49  Spore Crawler  
  59  5:55  Ravager x2  
  61  6:04  Extractor  
  61  6:05  Extractor  
  59  6:16  Drone  
  60  6:29  Hatchery  
  59  6:34  Drone x10  
  59  6:35  Drone x3  
  64  7:00  Spore Crawler  
  63  7:11  Queen  
  63  7:13  Spore Crawler, Queen  
  66  7:21  Spore Crawler  
  65  7:24  Spore Crawler  
  64  7:39  Spire  
Tags
 
Add a new tag
Caveats
  • Supply blocks, unpowered buildings, or Contaminate may cause inaccurate times.
  • Supply counts are checked every 10 seconds.